[Event "ICC tourney 3096 (40 10)"]
[Site "Internet Chess Club"]
[Date "2023.01.07"]
[Round "1"]
[White "ZHANG, ARI:brass60Six"]
[Black "GRESEN, EVAN MICHAEL:EVMIGR"]
[Result "1-0"]
[ICCResult "Black resigns"]
[WhiteElo "1370"]
[BlackElo "1720"]
[Opening "QGD: Marshall defense"]
[ECO "A50"]
[NIC "QP.07"]
[Time "11:00:22"]
[PlyCount "35"]
[TimeControl "2400+10"]

1. d4 Nf6 2. c4 d5 3. e3 a6 4. cxd5 Nxd5 5. Nc3 Nc6 6. Nf3 Bg4 7. Be2 e6 8.
a3 Be7 9. h3 Bh5 10. O-O f5 11. Bc4 O-O 12. Nxd5 exd5 13. Be2 Qd6 14. Qb3 b5
15. Bd2 Rf6 16. Bb4 Nxb4 17. axb4 Qxb4 18. Qxd5+ {Black resigns} 1-0

[Event "ICC tourney 3096 (40 10)"]
[Site "Internet Chess Club"]
[Date "2023.01.07"]
[Round "1"]
[White "TANG, VINCENT:VincentT2008"]
[Black "YUAN, DAVID:David1250"]
[Result "1-0"]
[ICCResult "Black resigns"]
[WhiteElo "1729"]
[BlackElo "1379"]
[Opening "QGD Slav defense: exchange variation"]
[ECO "D13"]
[NIC "SL.01"]
[Time "11:00:15"]
[PlyCount "87"]
[TimeControl "2400+10"]

1. d4 d5 2. c4 c6 3. cxd5 cxd5 4. Nc3 Nc6 5. Nf3 Nf6 6. Bf4 Qb6 7. Qd2 Bf5
8. e3 e6 9. a3 Be7 10. Bd3 Bxd3 11. Qxd3 O-O 12. b4 a6 13. O-O Rac8 14. Na4
Qa7 15. Rfc1 Nd7 16. Rab1 b5 17. Nc5 Nxc5 18. bxc5 f5 19. Ne5 Nxe5 20. Bxe5
Qa8 21. Rb4 Bd8 22. Ra1 Ba5 23. Rbb1 Qc6 24. Qc2 Rf7 25. a4 b4 26. f3 Rb7
27. Bg3 Bc7 28. Bxc7 Rcxc7 29. Qb3 a5 30. Re1 Rd7 31. Re2 h6 32. Rae1 Kh7
33. Rd2 Rb8 34. h4 Rbd8 35. g4 fxg4 36. fxg4 e5 37. Rf2 e4 38. Ref1 Qe6 39.
Qd1 Re7 40. g5 hxg5 41. hxg5 Qg6 42. Qg4 b3 43. Rh2+ Kg8 44. Qh4 {Black
resigns} 1-0

[Event "ICC tourney 3096 (40 10)"]
[Site "Internet Chess Club"]
[Date "2023.01.07"]
[Round "1"]
[White "DUBE, DANIEL:betterone76"]
[Black "HERRERA, JAMES:Jimherrera"]
[Result "1-0"]
[ICCResult "Black resigns"]
[WhiteElo "1850"]
[BlackElo "1517"]
[Opening "Sicilian: Canal-Sokolsky attack, 3...Bd7"]
[ECO "B52"]
[NIC "SI.01"]
[Time "11:00:31"]
[PlyCount "71"]
[TimeControl "2400+10"]

1. e4 c5 2. Nf3 d6 3. Bb5+ Bd7 4. Bxd7+ Nxd7 5. c4 Ngf6 6. Nc3 g6 7. d4 cxd4
8. Nxd4 Bg7 9. Be3 O-O 10. f3 Ne5 11. b3 Nc6 12. O-O Nd7 13. Rc1 Nxd4 14.
Bxd4 Bxd4+ 15. Qxd4 Qb6 16. Qxb6 Nxb6 17. a4 a6 18. a5 Nd7 19. Nd5 e6 20.
Ne3 Nc5 21. b4 Nd3 22. Rb1 Ne5 23. Rfd1 Rfd8 24. b5 axb5 25. Rxb5 Nc6 26.
Rxb7 Rxa5 27. Ng4 Kg7 28. Rb5 Rda8 29. Rxd6 Ra1+ 30. Kf2 R1a2+ 31. Kg3 Na5
32. c5 Nc4 33. Rd7 Ne3 34. Nxe3 R2a3 35. Ng4 Rb8 36. Rxb8 {Black resigns}
1-0

[Event "ICC tourney 3096 (40 10)"]
[Site "Internet Chess Club"]
[Date "2023.01.07"]
[Round "1"]
[White "JIMENEZ, LUIS A:eltuna"]
[Black "BLIZNIUK, STANISLAW:Sbliz20"]
[Result "0-1"]
[ICCResult "White checkmated"]
[WhiteElo "1426"]
[BlackElo "1736"]
[Opening "Scandinavian (center counter) defense"]
[ECO "B01"]
[NIC "SD.02"]
[Time "11:00:29"]
[PlyCount "52"]
[TimeControl "2400+10"]

1. e4 d5 2. exd5 Qxd5 3. Nc3 Qd8 4. d4 Nf6 5. Nf3 Bf5 6. Bc4 e6 7. Be3 Bd6
8. Nh4 Bg4 9. Nf3 O-O 10. h3 Bh5 11. g4 Bg6 12. g5 Nd5 13. Bxd5 exd5 14.
Nxd5 c6 15. Nf4 Bxf4 16. Bxf4 Re8+ 17. Be3 Bh5 18. Rg1 Nd7 19. Rg3 Nb6 20.
Qd3 Qd5 21. Ne5 c5 22. c4 Qh1+ 23. Qf1 Qe4 24. dxc5 Qxe5 25. cxb6 Qa5+ 26.
b4 Qxb4# {White checkmated} 0-1

[Event "ICC tourney 3096 (40 10)"]
[Site "Internet Chess Club"]
[Date "2023.01.07"]
[Round "1"]
[White "Mehta, Aarav Amit:amitmehta22"]
[Black "Feng, Jay:TheDeadlyPawn"]
[Result "1/2-1/2"]
[ICCResult "Game drawn by mutual agreement"]
[WhiteElo "1360"]
[BlackElo "1650"]
[Opening "Caro-Kann: advance variation"]
[ECO "B12"]
[NIC "CK.02"]
[Time "11:00:15"]
[PlyCount "53"]
[TimeControl "2400+10"]

1. e4 c6 2. d4 d5 3. e5 c5 4. c3 Nc6 5. Nf3 cxd4 6. cxd4 Bg4 7. Be3 e6 8.
Bb5 Ne7 9. O-O Nf5 10. h3 Bh5 11. g4 Nxe3 12. fxe3 Bg6 13. Qa4 Qb6 14. Nc3
Be7 15. Rac1 O-O 16. Ne2 Rfc8 17. Nf4 a6 18. Bxc6 bxc6 19. Nxg6 hxg6 20. Qc2
Rab8 21. b3 Rc7 22. Qf2 c5 23. h4 Rbc8 24. Nh2 Bf8 25. Rcd1 cxd4 26. exd4
Qa7 27. Nf3 {Game drawn by mutual agreement} 1/2-1/2

[Event "ICC tourney 3096 (40 10)"]
[Site "Internet Chess Club"]
[Date "2023.01.07"]
[Round "1"]
[White "Wang, Darren:thinkorswim"]
[Black "NAMBIAR, AARAV THILOP:AaravThilop"]
[Result "1/2-1/2"]
[ICCResult "Game drawn by repetition"]
[WhiteElo "1165"]
[BlackElo "1577"]
[Opening "Caro-Kann: exchange variation"]
[ECO "B13"]
[NIC "CK.02"]
[Time "11:00:18"]
[PlyCount "98"]
[TimeControl "2400+10"]

1. e4 c6 2. d4 d5 3. exd5 cxd5 4. Bd3 Nc6 5. c3 Nf6 6. h3 e6 7. Nf3 Bd6 8.
O-O O-O 9. Bg5 h6 10. Bd2 Ne4 11. Qc2 Nxd2 12. Nbxd2 Qf6 13. Rfe1 Bd7 14.
Rad1 Rac8 15. a3 Rfe8 16. Nb3 Qf4 17. Qd2 Qf6 18. Qe2 e5 19. dxe5 Nxe5 20.
Nxe5 Bxe5 21. Qc2 Qf4 22. g3 Qf6 23. Bf1 Ba4 24. Rxd5 Bc6 25. Rd3 Ba4 26.
Rde3 Rc6 27. Re4 b5 28. Bg2 Rc4 29. Rd4 Rec8 30. Rxc4 bxc4 31. Qe2 cxb3 32.
Qxe5 Re8 33. Qxe8+ Bxe8 34. Rxe8+ Kh7 35. Bd5 Qg5 36. Bxb3 Qc1+ 37. Kg2 Qxb2
38. Bxf7 Qxc3 39. Bg8+ Kg6 40. Re6+ Kf5 41. Re3 Qc6+ 42. Rf3+ Ke5 43. g4 Kd4
44. Kg3 Qd6+ 45. Kg2 Qc6 46. Kg3 Qd6+ 47. Kg2 Qc6 48. Kg3 Qd6+ 49. Kg2 Qc6
{Game drawn by repetition}
1/2-1/2

[Event "ICC tourney 3096 (40 10)"]
[Site "Internet Chess Club"]
[Date "2023.01.07"]
[Round "1"]
[White "GONZALEZ SILVA, HUGO:hggonzalezzss"]
[Black "Liu, Lucas:K03-16947300"]
[Result "0-1"]
[ICCResult "White checkmated"]
[WhiteElo "1748"]
[BlackElo "1458"]
[Opening "Caro-Kann: classical variation"]
[ECO "B18"]
[NIC "CK.10"]
[Time "11:06:51"]
[PlyCount "88"]
[TimeControl "2400+10"]

1. e4 c6 2. d4 d5 3. Nd2 dxe4 4. Nxe4 Bf5 5. Ng3 Bg6 6. Nf3 Nd7 7. Bd3 Bxd3
8. Qxd3 Ngf6 9. O-O e6 10. c4 Be7 11. b3 O-O 12. Bb2 Nb6 13. Rad1 c5 14. Qc2
Qc7 15. Rfe1 Rad8 16. Ne5 cxd4 17. Bxd4 Bb4 18. Bc3 Bxc3 19. Qxc3 Nbd5 20.
Qf3 Nb4 21. Ng4 Nxg4 22. Qxg4 Nxa2 23. Nh5 f5 24. Qe2 Qf7 25. Rxd8 Rxd8 26.
Nxg7 Nc3 27. Qxe6 Kxg7 28. Qe5+ Qf6 29. Qc7+ Kh8 30. Qxb7 Qg5 31. h3 Qd2 32.
Re3 Ne2+ 33. Kh2 Qd1 34. Rxe2 Qxe2 35. Qxa7 Qe5+ 36. g3 Qd4 37. Qa2 f4 38.
gxf4 Qxf4+ 39. Kg1 Rd1+ 40. Kg2 Qg5+ 41. Kf3 Qf5+ 42. Ke3 Rd3+ 43. Ke2 Qf3+
44. Ke1 Rd1# {White checkmated} 0-1

[Event "ICC tourney 3096 (40 10)"]
[Site "Internet Chess Club"]
[Date "2023.01.07"]
[Round "1"]
[White "THAIN, JACK:jt1819"]
[Black "BROCKHOUSE, JOHN:bbrockva"]
[Result "1-0"]
[ICCResult "Black resigns"]
[WhiteElo "1698"]
[BlackElo "1365"]
[Opening "Queen's pawn: Chigorin variation"]
[ECO "D00"]
[NIC "QP.08"]
[Time "11:00:25"]
[PlyCount "75"]
[TimeControl "2400+10"]

1. d4 d5 2. Nc3 c6 3. Bf4 Nf6 4. e3 c5 5. dxc5 Nc6 6. a3 e5 7. Bg5 d4 8.
exd4 Nxd4 9. b4 h6 10. Bb5+ Bd7 11. Bxd7+ Qxd7 12. Bxf6 gxf6 13. Nf3 O-O-O
14. Nxd4 exd4 15. Ne2 Bg7 16. Qd3 Rhe8 17. O-O f5 18. Rab1 Be5 19. b5 Qc7
20. Qxf5+ Kb8 21. Ng3 Qxc5 22. Rfe1 f6 23. Qd3 Qd6 24. Re2 Qc7 25. Rbe1 Rg8
26. Re4 Rg5 27. Rh4 f5 28. Nxf5 Rdg8 29. g3 Rf8 30. Nxh6 Bf6 31. Rhe4 Qd7
32. Qe2 Rg6 33. Re8+ Rxe8 34. Qxe8+ Kc7 35. Qxd7+ Kxd7 36. Nf5 Rg8 37. Rd1
Rc8 38. Nxd4 {Black resigns} 1-0

[Event "ICC tourney 3096 (40 10)"]
[Site "Internet Chess Club"]
[Date "2023.01.07"]
[Round "1"]
[White "Agrawal, Arvin:championfugman"]
[Black "KURBANOV, ABROR:Abror"]
[Result "0-1"]
[ICCResult "White checkmated"]
[WhiteElo "1500"]
[BlackElo "1804"]
[Opening "Nimzo-Indian: 4.e3 e8g8, 5.Nf3 d7d5"]
[ECO "E51"]
[NIC "NI.28"]
[Time "11:00:16"]
[PlyCount "134"]
[TimeControl "2400+10"]

1. d4 Nf6 2. c4 e6 3. Nc3 Bb4 4. Nf3 O-O 5. e3 d5 6. Qc2 b6 7. cxd5 exd5 8.
Bd3 c5 9. b3 c4 10. bxc4 dxc4 11. Bxc4 Qc7 12. Nd2 Bxc3 13. Qxc3 b5 14. Ba3
Re8 15. O-O bxc4 16. Qxc4 Qa5 17. Bb4 Qf5 18. Rfe1 Ba6 19. Qb3 Nbd7 20. f3
Rab8 21. e4 Qg5 22. Qa3 Bb5 23. Qxa7 Nh5 24. a4 Nf4 25. g3 Nd3 26. axb5 Nxb4
27. f4 Qxb5 28. Reb1 Nf6 29. Ra4 Qe2 30. Nf1 Nc6 31. Rxb8 Nxa7 32. Rxe8+
Nxe8 33. Rxa7 Qxe4 34. Rd7 h6 35. d5 Nf6 36. Rd8+ Kh7 37. d6 Qd4+ 38. Kg2
Qd5+ 39. Kg1 Qc5+ 40. Kg2 Qb6 41. Rf8 Qxd6 42. Rc8 Ng4 43. h3 Qd5+ 44. Kg1
Qd4+ 45. Kh1 Qf2 46. Rc1 Ne3 47. Nxe3 Qxe3 48. Rg1 h5 49. Kh2 h4 50. f5
hxg3+ 51. Rxg3 Qf2+ 52. Rg2 Qxf5 53. h4 Qf4+ 54. Rg3 f5 55. Kh3 Qf1+ 56. Kh2
f4 57. Rg1 Qf2+ 58. Rg2 Qxh4+ 59. Kg1 Qe1+ 60. Kh2 f3 61. Rg3 f2 62. Rg5 Qe2
63. Kg3 f1=Q 64. Rh5+ Kg8 65. Rh8+ Kxh8 66. Kh4 Qf4+ 67. Kh3 Qeh2#
{White checkmated}
0-1

[Event "ICC tourney 3096 (40 10)"]
[Site "Internet Chess Club"]
[Date "2023.01.07"]
[Round "1"]
[White "HANKE, HARVEY:ThinkingPanda"]
[Black "LUCKANISH, ALEX:AwesomeAlex92"]
[Result "0-1"]
[ICCResult "White checkmated"]
[WhiteElo "1646"]
[BlackElo "1342"]
[Opening "French: exchange variation"]
[ECO "C01"]
[NIC "FR.01"]
[Time "11:00:20"]
[PlyCount "156"]
[TimeControl "2400+10"]

1. e4 e6 2. d4 d5 3. exd5 exd5 4. Nf3 Nf6 5. Bd3 Be7 6. O-O O-O 7. Re1 Bg4
8. Bg5 h6 9. Bh4 Nbd7 10. Nbd2 Re8 11. c3 c5 12. Qc2 Qc7 13. h3 Be6 14. Bg3
Bd6 15. Bxd6 Qxd6 16. Rad1 Qf4 17. Qb1 a6 18. Nf1 Bxh3 19. Ne3 Be6 20. dxc5
Nxc5 21. Bc2 Rad8 22. Nd4 Nce4 23. Re2 Bd7 24. Nxd5 Qg5 25. Nf3 Qg4 26. Rd4
Nxd5 27. Re1 Nef6 28. Rxg4 Bxg4 29. Rxe8+ Rxe8 30. Nd4 Nf4 31. Bf5 Bh5 32.
Qc1 Ne2+ 33. Nxe2 Rxe2 34. Bd3 Re7 35. Qf4 Re1+ 36. Kh2 Ng4+ 37. Kg3 g5 38.
Qd2 Re7 39. Be2 Nf6 40. Bxh5 Ne4+ 41. Kh2 Nxd2 42. Kg3 Ne4+ 43. Kh2 Nf6 44.
Bd1 b6 45. Kg3 Rd7 46. Be2 a5 47. Bc4 Rd2 48. Bb3 Rxb2 49. c4 Nd7 50. Ba4
Nc5 51. Bb5 Rxa2 52. Kf3 Ra3+ 53. Kg4 Kg7 54. f3 Kg6 55. Kh3 Nd3 56. Kh2 Nf4
57. Kg1 Ne2+ 58. Kf2 Nc3 59. Bc6 Ra2+ 60. Kf1 a4 61. Kg1 a3 62. Kf1 Ra1+ 63.
Kf2 a2 64. Be4+ f5 65. Bd3 Rd1 66. Bc2 a1=Q 67. Bxd1 Nxd1+ 68. Ke2 Nc3+ 69.
Kd3 Na4 70. c5 Qc3+ 71. Ke2 bxc5 72. Kf1 g4 73. f4 g3 74. Ke2 c4 75. Kf1 Qd2
76. Kg1 c3 77. Kh1 c2 78. Kg1 c1=Q# {White checkmated} 0-1

[Event "ICC tourney 3096 (40 10)"]
[Site "Internet Chess Club"]
[Date "2023.01.07"]
[Round "1"]
[White "WANG, CHLOE HEATHER:kittycat35"]
[Black "RHINES, GRAYSON:Grayson0405"]
[Result "1-0"]
[ICCResult "Black forfeits on time"]
[WhiteElo "1586"]
[BlackElo "1279"]
[Opening "Sicilian: dragon, Yugoslav attack"]
[ECO "B76"]
[NIC "SI.17"]
[Time "11:00:49"]
[PlyCount "101"]
[TimeControl "2400+10"]

1. e4 c5 2. Nf3 d6 3. d4 cxd4 4. Nxd4 Nf6 5. Nc3 g6 6. Be3 Bg7 7. f3 Nc6 8.
Qd2 O-O 9. g4 Be6 10. Nxe6 fxe6 11. O-O-O Ne5 12. Be2 Qa5 13. Kb1 Rac8 14.
Bd4 Nc4 15. Bxc4 Rxc4 16. Qe2 Rfc8 17. f4 Nh5 18. Bxg7 Nxg7 19. f5 Rxc3 20.
bxc3 Rc6 21. Kc1 Qa3+ 22. Kd2 Qxc3+ 23. Kc1 Qa3+ 24. Kd2 Qxa2 25. Qd3 exf5
26. gxf5 gxf5 27. Rhg1 Qa5+ 28. Ke2 Qe5 29. Rg3 fxe4 30. Qb3+ e6 31. Rdg1
Rc7 32. Qa4 b5 33. Qb3 a5 34. Kf1 Qf5+ 35. Ke1 e3 36. R1g2 a4 37. Qxe3 Qe5
38. Qxe5 dxe5 39. Re3 Rc5 40. Reg3 Rc7 41. Rg5 b4 42. Kd2 a3 43. Rg1 Rd7+
44. Kc1 Rc7 45. Kb1 a2+ 46. Kb2 Ra7 47. Ra1 Kf7 48. Rxe5 Nf5 49. Rxa2 Rc7
50. Re4 Kf6 51. Ra6 {Black forfeits on time} 1-0

[Event "ICC tourney 3096 (40 10)"]
[Site "Internet Chess Club"]
[Date "2023.01.07"]
[Round "1"]
[White "WU, DARREN:chessboy111"]
[Black "Hernandez-Visbal, Arthur:thechessgod22"]
[Result "0-1"]
[ICCResult "White resigns"]
[WhiteElo "1318"]
[BlackElo "1628"]
[Opening "Caro-Kann: exchange variation"]
[ECO "B13"]
[NIC "CK.02"]
[Time "11:00:43"]
[PlyCount "138"]
[TimeControl "2400+10"]

1. e4 c6 2. d4 d5 3. exd5 cxd5 4. Bd3 Nc6 5. c3 Nf6 6. h3 g6 7. Nf3 Bg7 8.
O-O O-O 9. Re1 Bf5 10. Ne5 Rc8 11. Na3 Nxe5 12. dxe5 Nd7 13. Bf4 Bxd3 14.
Qxd3 Nc5 15. Qe3 Qa5 16. Nc2 Ne6 17. Nd4 Nxd4 18. Qxd4 e6 19. Qe3 Rc4 20. a3
Rfc8 21. Rad1 a6 22. Rd4 b5 23. Red1 Qd8 24. Bh6 Bf8 25. Bxf8 Qxf8 26. R1d3
Rxd4 27. Qxd4 Qc5 28. Qxc5 Rxc5 29. f3 Kf8 30. Kf2 Ke7 31. Ke3 f6 32. f4 Rc4
33. Rd4 Rc8 34. Kd3 Rf8 35. exf6+ Rxf6 36. Ke3 Kd6 37. Rd2 Rf8 38. g3 Rc8
39. Rd3 Rc4 40. Rd4 Kc5 41. Kd3 Kd6 42. b3 Rc8 43. Kc2 Rf8 44. c4 Rc8 45.
Kd3 bxc4+ 46. bxc4 Rb8 47. Kc2 Kc5 48. Rd3 dxc4 49. Re3 Kd6 50. Rc3 Rc8 51.
Kd2 Rc5 52. Ke3 Kd5 53. g4 e5 54. fxe5 Kxe5 55. h4 Kd5 56. g5 a5 57. a4 Rc7
58. Rc2 Re7+ 59. Kf3 Re4 60. Kg3 Re3+ 61. Kf4 Ra3 62. Rd2+ Rd3 63. Rxd3+
cxd3 64. Ke3 Kc4 65. Kd2 Kd4 66. Kd1 Kc3 67. Kc1 Kb3 68. Kd2 Kxa4 69. Kxd3
Kb3 {White resigns} 0-1

[Event "ICC tourney 3096 (40 10)"]
[Site "Internet Chess Club"]
[Date "2023.01.07"]
[Round "1"]
[White "PU, LANDON:landonp"]
[Black "SWEEZEY, RYAN:apiguponarock"]
[Result "1/2-1/2"]
[ICCResult "Game drawn by mutual agreement"]
[WhiteElo "1557"]
[BlackElo "1041"]
[Opening "Queen's gambit declined"]
[ECO "D30"]
[NIC "QP.08"]
[Time "11:00:16"]
[PlyCount "143"]
[TimeControl "2400+10"]

1. d4 d5 2. c4 e6 3. Nf3 Nf6 4. g3 c6 5. Bg2 Bb4+ 6. Bd2 Bxd2+ 7. Nbxd2 O-O
8. O-O Re8 9. Qc2 Nbd7 10. e4 dxe4 11. Nxe4 Nxe4 12. Qxe4 c5 13. Rfd1 Qe7
14. b3 cxd4 15. Nxd4 Nf6 16. Qe5 Ng4 17. Qe2 e5 18. Nb5 h5 19. h3 Nf6 20.
Re1 a6 21. Nc3 Bf5 22. Kh2 Rad8 23. Nd5 Nxd5 24. Bxd5 h4 25. g4 Bg6 26. f4
Qc7 27. fxe5 Re7 28. Kh1 Rde8 29. Qf2 Rxe5 30. Qxh4 Re2 31. Rxe2 Rxe2 32.
Bg2 Be4 33. Rg1 Qd6 34. g5 Bc6 35. Qg4 Rxa2 36. h4 g6 37. Qh3 Bxg2+ 38. Rxg2
Qc6 39. Kh2 Rxg2+ 40. Qxg2 Qd6+ 41. Qg3 Qd2+ 42. Qg2 Qf4+ 43. Qg3 Qe4 44.
Kh3 Qf5+ 45. Qg4 Qd3+ 46. Qg3 Qf1+ 47. Qg2 Qd3+ 48. Qg3 Qf5+ 49. Qg4 Qd3+
50. Qg3 Qd7+ 51. Kh2 b5 52. cxb5 Qxb5 53. Qc3 Qe2+ 54. Kh3 Qf1+ 55. Kh2 Qf4+
56. Qg3 Qd2+ 57. Qg2 Qd6+ 58. Qg3 Qb6 59. Qd3 a5 60. Kg2 Qc6+ 61. Qf3 Qc2+
62. Kh3 Qc5 63. Qd3 Kg7 64. Kg4 Qb4+ 65. Kh3 a4 66. bxa4 Qxa4 67. Qc3+ Kh7
68. Qf6 Qd7+ 69. Kg3 Qd3+ 70. Qf3 Qd6+ 71. Qf4 Qe6 72. Qf6
{Game drawn by mutual agreement}
1/2-1/2

[Event "ICC tourney 3096 (40 10)"]
[Site "Internet Chess Club"]
[Date "2023.01.07"]
[Round "2"]
[White "HELMSEN, GAVIN:ghelmsen"]
[Black "DUBE, DANIEL:betterone76"]
[Result "1-0"]
[ICCResult "Black resigns"]
[WhiteElo "1547"]
[BlackElo "1850"]
[Opening "Caro-Kann: Tartakower (fantasy) variation"]
[ECO "B12"]
[NIC "CK.02"]
[Time "13:15:14"]
[PlyCount "43"]
[TimeControl "2400+10"]

1. e4 c6 2. d4 d5 3. f3 e6 4. Nc3 Bb4 5. a3 Bxc3+ 6. bxc3 dxe4 7. Nh3 exf3
8. Qxf3 Qd5 9. Qg3 Ne7 10. Bd3 Ng6 11. O-O b6 12. Nf4 Nxf4 13. Bxf4 g6 14.
Bxb8 a5 15. Be5 Rg8 16. Qf4 Qd7 17. Qh6 Ba6 18. Bxa6 Rxa6 19. Qxh7 Rf8 20.
Bg7 f5 21. Qxg6+ Kd8 22. Bxf8 {Black resigns} 1-0

[Event "ICC tourney 3096 (40 10)"]
[Site "Internet Chess Club"]
[Date "2023.01.07"]
[Round "2"]
[White "NAMBIAR, AARAV THILOP:AaravThilop"]
[Black "SWEEZEY, RYAN:apiguponarock"]
[Result "0-1"]
[ICCResult "White resigns"]
[WhiteElo "1577"]
[BlackElo "1041"]
[Opening "Caro-Kann: advance variation"]
[ECO "B12"]
[NIC "CK.02"]
[Time "13:15:14"]
[PlyCount "108"]
[TimeControl "2400+10"]

1. e4 c6 2. d4 d5 3. e5 c5 4. dxc5 e6 5. Be3 Nd7 6. f4 Bxc5 7. Bxc5 Nxc5 8.
Nf3 Ne7 9. Be2 Nf5 10. Nc3 Ne3 11. Qd2 Nxg2+ 12. Kf2 Nh4 13. Qd4 b6 14. Nb5
Nf5 15. Nd6+ Nxd6 16. exd6 Ne4+ 17. Kg2 Qxd6 18. Qxg7 Qf8 19. Qxf8+ Rxf8 20.
Ne5 Rg8+ 21. Kf3 Bb7 22. Bb5+ Ke7 23. Rhe1 a6 24. Bd3 f6 25. Ng4 h5 26. Nf2
Nxf2 27. Kxf2 Rg4 28. Ke3 Rd8 29. Rf1 d4+ 30. Ke2 Rg2+ 31. Rf2 Rxf2+ 32.
Kxf2 Rg8 33. Rg1 Rxg1 34. Kxg1 e5 35. fxe5 fxe5 36. Be2 h4 37. Kf2 Kf6 38.
c3 Kf5 39. cxd4 exd4 40. Bd3+ Kf4 41. a3 a5 42. b3 Be4 43. Be2 d3 44. Bd1 b5
45. b4 axb4 46. axb4 Bd5 47. Bh5 Ke4 48. Be8 Bc4 49. Bg6+ Kd4 50. Kf3 Kc3
51. Kg2 d2 52. Bh5 Bb3 53. Kh3 d1=Q 54. Bxd1 Bxd1 {White resigns} 0-1

[Event "ICC tourney 3096 (40 10)"]
[Site "Internet Chess Club"]
[Date "2023.01.07"]
[Round "2"]
[White "Hernandez-Visbal, Arthur:thechessgod22"]
[Black "Agarwal, Aayansh:AayanshAgarwal"]
[Result "1-0"]
[ICCResult "Black checkmated"]
[WhiteElo "1628"]
[BlackElo "585"]
[Opening "Giuoco Piano"]
[ECO "C50"]
[NIC "IG.02"]
[Time "13:16:07"]
[PlyCount "111"]
[TimeControl "2400+10"]

1. e4 e5 2. Nf3 Nc6 3. Bc4 Bc5 4. O-O Nf6 5. d3 h6 6. h3 O-O 7. Nc3 d6 8.
Qe2 Qe7 9. Be3 Bxe3 10. Qxe3 Be6 11. Nd5 Qd8 12. d4 Re8 13. Nxf6+ Qxf6 14.
d5 Bxd5 15. Bxd5 Rab8 16. Bxc6 bxc6 17. Qxa7 Qe7 18. b3 d5 19. Qe3 Rb4 20.
exd5 cxd5 21. Rfe1 e4 22. a4 Rbb8 23. Nd4 Qd7 24. a5 Ra8 25. b4 Reb8 26. b5
Qd6 27. Nc6 Rxb5 28. Nd4 Rbxa5 29. Nb3 Rxa1 30. Rxa1 Rc8 31. Qc5 Qe5 32. Rd1
c6 33. Qd4 Qxd4 34. Rxd4 Kf8 35. c4 dxc4 36. Rxc4 f5 37. Nd4 f4 38. Rxc6 Rd8
39. Ne6+ Ke7 40. Nxd8 Kxd8 41. Re6 e3 42. fxe3 fxe3 43. Rxe3 g5 44. Kf2 g4
45. hxg4 Kd7 46. Rh3 Ke6 47. Rxh6+ Ke5 48. Kf3 Kd5 49. g5 Ke5 50. g4 Kd5 51.
g6 Ke5 52. g5 Kf5 53. g7 Kxg5 54. g8=Q+ Kxh6 55. Kf4 Kh5 56. Qg5#
{Black checkmated}
1-0

[Event "ICC tourney 3096 (40 10)"]
[Site "Internet Chess Club"]
[Date "2023.01.07"]
[Round "2"]
[White "YUAN, DAVID:David1250"]
[Black "HANKE, HARVEY:ThinkingPanda"]
[Result "0-1"]
[ICCResult "White resigns"]
[WhiteElo "1379"]
[BlackElo "1646"]
[Opening "Giuoco Piano"]
[ECO "C50"]
[NIC "IG.02"]
[Time "13:15:13"]
[PlyCount "106"]
[TimeControl "2400+10"]

1. e4 e5 2. Nf3 Nc6 3. Bc4 Bc5 4. O-O Nf6 5. Re1 O-O 6. c3 Nxe4 7. Rxe4 d5
8. Bxd5 Qxd5 9. d3 Bf5 10. c4 Qd6 11. Re1 Bxd3 12. Nc3 Bxc4 13. Ne4 Qxd1 14.
Rxd1 Bb6 15. b3 Be2 16. Rd7 Rad8 17. Rxd8 Rxd8 18. Bb2 f6 19. Nh4 Rd1+ 20.
Rxd1 Bxd1 21. Kf1 Bc2 22. Nd2 Bd3+ 23. Ke1 Nb4 24. h3 Nc2+ 25. Kd1 Bxf2 26.
Nhf3 Ne3+ 27. Kc1 Nxg2 28. Nh2 Nf4 29. Ndf3 e4 30. Nd2 e3 31. Ndf3 Nxh3 32.
Ng4 Be2 33. Ngh2 Nf4 34. Kc2 Bd3+ 35. Kd1 Bb1 36. a3 e2+ 37. Kd2 e1=Q+ 38.
Nxe1 Bxe1+ 39. Kxe1 Nd3+ 40. Kd2 Nxb2 41. Kc1 Be4 42. Kxb2 h5 43. Kc3 Bg2
44. Kd2 g5 45. Ke3 Kf7 46. Kf2 Bd5 47. b4 Kg6 48. Nf1 h4 49. Ne3 Be6 50. Nc2
f5 51. Nd4 Bd7 52. Kf3 Bc6+ 53. Ke3 h3 {White resigns} 0-1

[Event "ICC tourney 3096 (40 10)"]
[Site "Internet Chess Club"]
[Date "2023.01.07"]
[Round "2"]
[White "BLIZNIUK, STANISLAW:Sbliz20"]
[Black "ZHANG, ARI:brass60Six"]
[Result "1-0"]
[ICCResult "Black resigns"]
[WhiteElo "1736"]
[BlackElo "1370"]
[Opening "QGD: 4.Bg5 Be7"]
[ECO "D53"]
[NIC "QO.13"]
[Time "13:15:40"]
[PlyCount "75"]
[TimeControl "2400+10"]

1. d4 d5 2. c4 e6 3. Nc3 Nf6 4. Bg5 Be7 5. e3 h6 6. Bh4 c6 7. Bd3 Nbd7 8.
Nf3 O-O 9. O-O Re8 10. a4 dxc4 11. Bxc4 Nb6 12. Bd3 Nbd5 13. a5 Nh5 14. Ne5
Nhf6 15. h3 Rf8 16. Re1 Nd7 17. Bxe7 Qxe7 18. Qg4 Nxe5 19. dxe5 Nxc3 20.
bxc3 Qg5 21. Qe4 Qf5 22. Qd4 Qg5 23. Qe4 Qf5 24. Qd4 Qg5 25. Rad1 Rd8 26.
Qxd8+ Qxd8 27. Bh7+ Kxh7 28. Rxd8 b6 29. axb6 axb6 30. Rd6 Bb7 31. Rd7 Rb8
32. Rxf7 Kg6 33. Re7 Bc8 34. Rc1 b5 35. Ra1 Rb7 36. Rxb7 Bxb7 37. Ra7 Bc8
38. Rc7 {Black resigns} 1-0

[Event "ICC tourney 3096 (40 10)"]
[Site "Internet Chess Club"]
[Date "2023.01.07"]
[Round "2"]
[White "Liu, Lucas:K03-16947300"]
[Black "TANG, VINCENT:VincentT2008"]
[Result "0-1"]
[ICCResult "White checkmated"]
[WhiteElo "1458"]
[BlackElo "1729"]
[Opening "Vienna gambit: Paulsen attack"]
[ECO "C29"]
[NIC "VG.03"]
[Time "13:15:15"]
[PlyCount "72"]
[TimeControl "2400+10"]

1. e4 e5 2. Nc3 Nf6 3. f4 d5 4. fxe5 Nxe4 5. Qf3 Nxc3 6. bxc3 Be6 7. d4 c5
8. Bd3 Nc6 9. Ne2 cxd4 10. cxd4 Be7 11. O-O Qd7 12. c3 O-O-O 13. Rb1 g5 14.
Bf5 h5 15. Rb3 Rdg8 16. Be3 g4 17. Bxe6 fxe6 18. Qg3 h4 19. Qe1 Na5 20. Rb1
Nc4 21. Nf4 Bg5 22. Bc1 Bxf4 23. Bxf4 Qh7 24. Qe2 Rg7 25. Rb4 Rf8 26. Bg5
Rxf1+ 27. Qxf1 Rf7 28. Bf6 Qe4 29. Qd1 h3 30. gxh3 gxh3 31. Qf1 Nd2 32. Qf2
Qd3 33. Rb2 Nf3+ 34. Qxf3 Qxf3 35. Rf2 Qg4+ 36. Kf1 Qd1# {White checkmated}
0-1

[Event "ICC tourney 3096 (40 10)"]
[Site "Internet Chess Club"]
[Date "2023.01.07"]
[Round "2"]
[White "LUCKANISH, ALEX:AwesomeAlex92"]
[Black "THAIN, JACK:jt1819"]
[Result "0-1"]
[ICCResult "White checkmated"]
[WhiteElo "1342"]
[BlackElo "1698"]
[Opening "Caro-Kann: exchange variation"]
[ECO "B13"]
[NIC "CK.02"]
[Time "13:15:13"]
[PlyCount "118"]
[TimeControl "2400+10"]

1. e4 c6 2. d4 d5 3. exd5 cxd5 4. Nf3 Nf6 5. Bd3 Bg4 6. O-O e6 7. Bg5 Be7 8.
c3 Nc6 9. Nbd2 O-O 10. Qc2 h6 11. Bf4 Rc8 12. a3 Bd6 13. Bxd6 Qxd6 14. h3
Bxf3 15. Nxf3 Nd7 16. Rfe1 e5 17. dxe5 Ndxe5 18. Nxe5 Nxe5 19. Rad1 Nxd3 20.
Rxd3 Qg6 21. Qd2 Qb6 22. Re5 Rfe8 23. Rexd5 Qe6 24. Rd7 Qa2 25. Rxb7 Qb1+
26. Qd1 Re1+ 27. Qxe1 Qxe1+ 28. Kh2 Qe5+ 29. Kh1 Rb8 30. Rxb8+ Qxb8 31. Rd2
Qe5 32. Rd7 Qe1+ 33. Kh2 Qxf2 34. b4 Qf4+ 35. g3 Qf2+ 36. Kh1 Qxg3 37. Rxa7
Qxh3+ 38. Kg1 Qe3+ 39. Kf1 Qxa7 40. Ke2 Qxa3 41. Kd3 Kf8 42. Kd4 Ke7 43. b5
Kd6 44. c4 Qc5+ 45. Kc3 h5 46. Kb3 h4 47. Ka4 Qxc4+ 48. Ka5 Qxb5+ 49. Kxb5
h3 50. Kb4 h2 51. Kb3 h1=Q 52. Kb2 g5 53. Kc2 g4 54. Kd2 g3 55. Ke2 g2 56.
Kf2 g1=Q+ 57. Ke2 Qgg2+ 58. Ke3 Qhh3+ 59. Kf4 Qgg4# {White checkmated} 0-1